 Dungeon Crawl Stone Soup version 0.25-a0-690-g234afa57d4 (webtiles) character file.

Game seed: 74413760562899081, levelgen mode: deterministic

22940 kae the Fighter (level 12, -5/101 HPs)
             Began as a Black Draconian Transmuter on Mar 30, 2020.
             Was an Elder of Hepliaklqana.
             Slain by a gargoyle
             ... wielding a +0 flail
              (16 damage)
             ... in a volcano.
             The game lasted 00:18:34 (14111 turns).

kae the Fighter (Black Draconian Transmuter)       Turns: 14111, Time: 00:18:35

Health: -5/101     AC: 11    Str: 12    XL:     12   Next: 67%
Magic:  24/24      EV: 12    Int: 19    God:    Hepliaklqana [****..]
Gold:   715        SH:  0    Dex: 12    Spells: 12/27 levels left

rFire    + . .     SeeInvis .     - Unarmed
rCold    + . .     Gourm    .   (shield currently unavailable)
rNeg     . . .     Faith    .   (armour unavailable)
rPois    +         Spirit   .   (helmet restricted)
rElec    +         Reflect  .   w - scarf {cloud immunity}
rCorr    +         Harm     .   (gloves currently unavailable)
MR       +....                  G - +2 pair of boots
Stlth    +.........             (no amulet)
HPRegen  0.26/turn              i - ring of wizardry
MPRegen  0.19/turn              E - ring of protection from magic

@: blade hands (expiring), resistant
A: breathe lightning, unfitting armour, reduced essence, electricity resistance,
cold-blooded, AC +8
a: Breathe Lightning, End Transformation, Recall Ancestor, Ancestor Identity,
Transference, Idealise, Renounce Religion


You were in a volcano.
You worshipped Hepliaklqana.
Hepliaklqana was greatly pleased with you.
You were not hungry.
You had blades for hands.
You visited 3 branches of the dungeon, and saw 13 of its levels.
You also visited: Ossuary and Volcano.

You collected 715 gold pieces.

Inventory:

Missiles
 a - 202 arrows
Armour
 e - a +2 pair of gloves of dexterity (melded)
 w - a scarf of cloud immunity (worn)
 G - a +2 pair of boots (worn)
Jewellery
 f - an uncursed ring of positive energy
 i - a ring of wizardry (left scythe-like blade)
 B - an uncursed ring of ice
 E - a ring of protection from magic (right scythe-like blade)
Wands
 k - a wand of flame (12)
 n - a wand of paralysis (33)
 D - a wand of clouds (2)
 F - a wand of enslavement (6)
Scrolls
 b - a scroll of fear
 j - 3 scrolls of teleportation
 m - 8 scrolls of remove curse
 o - 2 scrolls of amnesia
 q - 2 scrolls of magic mapping
 t - 3 scrolls of enchant armour
 y - a scroll of fog
 A - 2 scrolls of enchant weapon
Potions
 d - a potion of ambrosia
 g - 2 potions of berserk rage
 h - 2 potions of stabbing
 l - 8 potions of curing
 p - 2 potions of brilliance
 r - 2 potions of lignification
 s - 2 potions of mutation
 u - 2 potions of might
 v - 2 potions of flight
 z - 3 potions of haste
Comestibles
 c - 24 rations


   Skills:
 + Level 12.4 Fighting
 - Level 1.7 Dodging
 * Level 12.1 Unarmed Combat
 + Level 8.0 Spellcasting
 + Level 8.9 Transmutations


You had 12 spell levels left.
You knew the following spells:

 Your Spells              Type           Power        Failure   Level  Hunger
a - Beastly Appendage     Tmut           #####.       4%          1    None
b - Sticks to Snakes      Tmut           #####...     4%          2    None
c - Spider Form           Tmut/Pois      ###.......   12%         3    None
d - Blade Hands           Tmut           #####.....   16%         5    #####..
e - Ice Form              Ice/Tmut       ###.....     26%         4    ###....

Your spell library contained the following spells:

 Spells                   Type           Power        Failure   Level  Hunger
 Passwall                 Tmut/Erth      ###.....     9%          2    None
 Magic Dart               Conj           #...         19%         1    None
 Sandblast                Erth           #.....       19%         1    None
 Blink                    Tloc           N/A          26%         2    None
 Call Imp                 Summ           #.......     26%         2    None
 Slow                     Hex            #.......     26%         2    None
 Petrify                  Tmut/Erth      ###.....     26%         4    ###....
 Conjure Flame            Conj/Fire      #.......     36%         3    None
 Mephitic Cloud           Conj/Pois/Air  #.......     36%         3    None
 Stone Arrow              Conj/Erth      #.....       36%         3    None
 Lee's Rapid Deconstruct  Erth           #.........   89%         5    #####..


Dungeon Overview and Level Annotations

Branches:
Dungeon (11/15)            Temple (1/1) D:4            Lair (1/6) D:8
Ossuary (visited)         Volcano (1/1)
    Orc: D:9-12

Altars:
Ashenzari
Cheibriados
Dithmenos
Elyvilon
Fedhas
Gozag
Hepliaklqana
Kikubaaqudgha
Makhleb
Nemelex Xobeh
Okawaru
Qazlal
Ru
Sif Muna
Trog
Uskayaw
Vehumet
Wu Jian
Xom
Yredelemnul
Zin
The Shining One


Innate Abilities, Weirdness & Mutations

You can breathe wild blasts of lightning.
Your glossy black scales are hard. (AC +8)
You cannot fit into any form of body armour.
You are resistant to electric shocks. (rElec)
You are cold-blooded and may be slowed by cold attacks.
Your life essence is reduced to manifest your ancestor. (-10% HP)


Message History

The gargoyle hits you with a cursed -1 mace!
* * * LOW HITPOINT WARNING * * *
Your surroundings suddenly seem different.
Found 21 gold pieces.
Unknown command.
You start resting.
The air gets thick with the scent of sulphur.
You start resting.
In the distance, the volcano erupts with a roar.
You start resting.
Magic restored.
A gargoyle comes into view. It is wielding a +0 flail.
The gargoyle hurls a stone arrow at you.
The stone arrow misses you.
A gargoyle is nearby!
Your transformation is almost over.
The gargoyle hurls a stone arrow at you.
The stone arrow misses you. The gargoyle hits you with a +0 flail!
You die...

########
#.@9.$§#
#######.#..§≈≈#
..⌠..##.###.§°°#
#######.....+.##
#≈≈°#
.8...9Z.....##
#.##
....9.'..∩..+ ##
.8....'.....#
#######.....#
..⌠..#


You could see a gargoyle.

Vanquished Creatures
  Harold (D:10)
  2 two-headed ogres
  2 unseen horrors
  Maggie (D:6)
  A kobold demonologist (D:9)
  An efreet (D:11)
  A troll (D:11)
  A tengu conjurer (D:10)
  A harpy skeleton (Volcano)
  A hippogriff (D:10)
  2 flying skulls (Volcano)
  A wyvern (D:9)
  4 yaks
  A steam dragon (D:10)
  Menkaure (D:5)
  2 porcupines (D:8)
  An acid dragon (D:11)
  An orc warrior (D:8)
  3 black bears (D:8)
  A necrophage (D:8)
  An ice beast (D:7)
  2 phantoms
  4 ogres
  2 centaurs (D:11)
  2 crocodiles (D:8)
  A big kobold (D:9)
  11 bullfrogs
  12 scorpions
  14 killer bees
  6 wights
  2 howler monkeys (D:8)
  2 centaur zombies
  A crimson imp (D:6)
  A jelly (D:11)
  4 hounds
  A bullfrog skeleton (D:8)
  2 centaur skeletons
  4 human zombies (Ossuary)
  5 orc priests
  3 orc wizards
  Jessica (D:2)
  6 iguanas
  3 worker ants
  A big kobold zombie (Ossuary)
  3 hound skeletons
  3 mummies (Ossuary)
  13 gnolls
  4 adders
  2 scorpion zombies (Ossuary)
  2 oozes
  4 worms
  3 dart slugs (D:1)
  3 leopard geckos
  14 orcs
  2 giant cockroaches
  3 gnoll zombies (Ossuary)
  7 goblins
  3 hobgoblins
  10 jackals
  4 kobolds
  4 quokkas
  A ball python (D:4)
  A ball python skeleton (D:4)
  6 bats
  A frilled lizard (D:4)
  A goblin zombie (Ossuary)
  A hobgoblin zombie (Ossuary)
  2 kobold zombies (Ossuary)
  A leopard gecko skeleton (D:4)
  3 orc zombies (Ossuary)
  5 rats
226 creatures vanquished.

Vanquished Creatures (collateral kills)
  A komodo dragon (Lair:1)
  A hippogriff (D:8)
  2 yaks
  2 black bears
  2 big kobolds (D:9)
  A bullfrog (D:8)
  2 scorpions (Ossuary)
  2 wights
  A human zombie (Ossuary)
  A hound (D:9)
  A bullfrog skeleton (D:6)
  2 orc priests
  An orc wizard (D:11)
  A centaur skeleton (D:7)
  2 gnolls
  2 scorpion zombies (Ossuary)
  3 orcs
  2 jackals
  A quokka (D:8)
  A goblin zombie (Ossuary)
  A hobgoblin zombie (Ossuary)
  A leopard gecko skeleton (D:4)
  A fungus (D:8)
34 creatures vanquished.

Vanquished Creatures (others)
  A flying skull (Volcano)
  2 hexers
  3 ancestors
  3 fungi (D:8)
9 creatures vanquished.

Grand Total: 269 creatures vanquished

Notes
Turn   | Place    | Note
-------+----------+-------------------------------------------
     0 | D:1      | kae the Draconian Transmuter began the quest for the Orb.
     0 | D:1      | Reached XP level 1. HP: 16/16 MP: 3/3
     1 | D:1      | Noticed an electric eel
   153 | D:1      | Reached XP level 2. HP: 18/23 MP: 3/5
   570 | D:2      | Reached XP level 3. HP: 16/29 MP: 6/6
   811 | D:2      | Noticed Jessica
   817 | D:2      | Killed Jessica
   914 | D:2      | Reached XP level 4. HP: 36/36 MP: 5/7
  2368 | D:2      | Learned a level 2 spell: Sticks to Snakes
  2373 | D:2      | Learned a level 3 spell: Spider Form
  2539 | D:3      | Reached XP level 5. HP: 29/42 MP: 5/9
  2761 | D:3      | Found a shattered altar of Ashenzari,
  3403 | D:4      | Found a staircase to the Ecumenical Temple,
  3421 | Temple   | Entered the Ecumenical Temple
  3518 | Temple   | Became a worshipper of Hepliaklqana the Forgotten
  3745 | D:4      | Found a basalt altar of Yredelemnul,
  3933 | D:4      | You fall into a shaft and drop 1 floor!
  3933 | D:5      | Entered Level 5 of the Dungeon
  4012 | D:5      | Reached XP level 6. HP: 36/45 MP: 8/10
  4411 | D:5      | Reached skill level 5 in Unarmed Combat
  4599 | D:5      | HP: 2/45 [iguana (13)]
  4739 | D:5      | Noticed Menkaure
  4749 | D:5      | Killed Menkaure
  4876 | D:6      | Noticed a yak
  4876 | D:6      | Noticed a yak
  4879 | D:6      | Noticed a yak
  4884 | D:6      | Noticed Maggie
  4886 | D:6      | Killed a yak
  4886 | D:6      | Your scales start taking on a glossy black colour.
  4886 | D:6      | Reached XP level 7. HP: 52/52 MP: 9/12
  4886 | D:6      | Gained mutation: You are resistant to electric shocks.
                  | (rElec) [Black Draconian growth]
  4897 | D:5      | Killed a yak
  4990 | D:6      | Reached * piety under Hepliaklqana
  5015 | D:6      | Found a sand-covered staircase,
  5063 | Ossuary  | Entered an ossuary
  5139 | Ossuary  | Reached XP level 8. HP: 47/60 MP: 14/14
  5627 | Ossuary  | Reached skill level 5 in Transmutations
  5727 | Ossuary  | Reached skill level 5 in Fighting
  5870 | Ossuary  | Learned a level 5 spell: Blade Hands
  5875 | Ossuary  | Learned a level 4 spell: Ice Form
  6117 | Ossuary  | Reached skill level 5 in Spellcasting
  6391 | D:6      | Killed Maggie
  6391 | D:6      | Reached XP level 9. HP: 67/67 MP: 6/16
  7244 | D:7      | Found a basalt altar of Yredelemnul,
  7393 | D:7      | Reached ** piety under Hepliaklqana
  7394 | D:7      | Remembered your ancestor Nolwazi as a hexer
  8431 | D:8      | Found a staircase to the Lair,
  8432 | D:8      | Reached XP level 10. HP: 49/77 MP: 19/19
  9017 | D:8      | Reached skill level 10 in Unarmed Combat
  9022 | D:8      | Reached *** piety under Hepliaklqana
  9936 | D:9      | Found an ornate altar of the Wu Jian Council,
  9936 | D:9      | Found a stormy altar of Qazlal,
 10163 | D:9      | Noticed a two-headed ogre
 10176 | D:9      | Killed a two-headed ogre
 10601 | D:10     | Entered Level 10 of the Dungeon
 10693 | D:10     | Killed an unseen horror
 10991 | D:10     | Noticed a two-headed ogre
 10998 | D:10     | Killed a two-headed ogre
 10998 | D:10     | Reached XP level 11. HP: 80/85 MP: 16/21
 11444 | D:10     | Noticed Harold
 12184 | D:10     | Killed Harold
 12999 | D:11     | Reached **** piety under Hepliaklqana
 13090 | D:11     | Killed an unseen horror
 13924 | Lair:1   | Entered Level 1 of the Lair of Beasts
 13967 | Lair:1   | Found a dark tunnel,
 13975 | Volcano  | Entered a volcano
 14084 | Volcano  | Reached XP level 12. HP: 13/101 MP: 19/24
 14085 | Volcano  | HP: 4/101 [gargoyle/cursed -1 mace (9)]
 14111 | Volcano  | Slain by a gargoyle

Levels and vault maps discovered:
D:1:      arrival_aquarium_a, layout_basic
D:2:      layout_basic, first_ration, uniq_jessica
D:3:      layout_loops_corners, lemuel_round_altar
D:4:      layout_basic, kennysheep_mini_moat, minmay_temple_entry_waves
D:5:      layout_gridville, uniq_menkaure
D:6:      layout_cave_pools, nicolae_ossuary_entry_false_entrances, uniq_maggie
D:7:      layout_gridville, basic_altar
D:8:      layout_cave_pods, due_lair_maze_entry_diamond
D:9:      layout_small_grid, gammafunk_temple_overflow_elements
D:10:     layout_loops_cross, grunt_tengu_nest, uniq_harold
D:11:     layout_cave_pools
Temple:   compressed_dpeg_circular_temple
Lair:1:   layout_layer_cave, lightli_volcano_entry_magma_tube,
          lemuel_fruit_fields
Volcano:  volcano_tomb [vts_original]

Skill      XL: |  1  2  3  4  5  6  7  8  9 10 11 |
---------------+----------------------------------+-----
Fighting       | 2 3 4 5 7 8 12 | 12.4
Unarmed Combat | 4 5 6 8 9 11 12 | 12.1
Transmutations | 3 4 5 6 8 |  8.9
Spellcasting   | 3 4 5 6 7 8 |  8.0
Dodging        | |  1.7

Action                   |  1- 3 |  4- 6 |  7- 9 | 10-12 || total
-------------------------+-------+-------+-------+-------++-------
Melee: Unarmed           |    89 |   173 |   310 |   252 ||   824
       Kick              |     4 |    14 |       |       ||    18
       Tailslap          |    13 |    15 |    16 |    10 ||    54
       Headbutt          |     1 |     3 |     2 |       ||     6
       Punch             |     1 |     3 |     3 |     3 ||    10
 Cast: Beastly Appendage |     9 |    16 |     1 |       ||    26
       Spider Form       |       |    10 |     7 |     1 ||    18
       Ice Form          |       |       |    20 |    19 ||    39
       Blade Hands       |       |       |     1 |     9 ||    10
Invok: Recall Ancestor   |       |     2 |       |     2 ||     4
       Ancestor Identity |       |     1 |       |       ||     1
       Ancestor Life: He |       |       |     1 |       ||     1
Evoke: Wand              |       |       |       |     1 ||     1
  Use: Scroll            |       |    12 |     3 |    15 ||    30
       Potion            |       |     1 |     1 |     4 ||     6
 Stab: Distracted        |       |       |     1 |     1 ||     2
       Confused          |       |       |     1 |     1 ||     2
  Eat: Chunk             |       |    14 |    14 |    17 ||    45
       Ration            |       |       |     1 |     2 ||     3
Armor: Skin              |    20 |    36 |    67 |    51 ||   174
Dodge: Dodged            |    50 |    87 |   163 |   136 ||   436

Table legend:
 A = Non-vault XP
 B = Vault XP
 C = Vault XP percentage of total XP
 D = Non-vault monster count
 E = Vault monster count
 F = Vault count percentage of total count
                 A         B        C        D         E       F
            +---------+---------+-------+---------+---------+-------
      Total |   13502 |    4811 |  26.3 |     205 |      54 |  20.8
            +---------+---------+-------+---------+---------+-------
        D:1 |      37 |       0 |   0.0 |      17 |       0 |   0.0
        D:2 |      54 |      37 |  40.7 |      13 |       1 |   7.1
        D:3 |     131 |       0 |   0.0 |      22 |       0 |   0.0
        D:4 |      61 |       0 |   0.0 |       8 |       0 |   0.0
        D:5 |     413 |     172 |  29.4 |       8 |       1 |  11.1
        D:6 |    1231 |     404 |  24.7 |      22 |       1 |   4.3
        D:7 |     763 |       0 |   0.0 |      20 |       0 |   0.0
        D:8 |    1228 |    1050 |  46.1 |      19 |       9 |  32.1
        D:9 |    2664 |       0 |   0.0 |      23 |       0 |   0.0
       D:10 |    3687 |    1311 |  26.2 |      30 |       2 |   6.2
       D:11 |    2866 |       0 |   0.0 |      22 |       0 |   0.0
     Lair:1 |     367 |       0 |   0.0 |       1 |       0 |   0.0
    Ossuary |       0 |    1118 | 100.0 |       0 |      37 | 100.0
    Volcano |       0 |     719 | 100.0 |       0 |       3 | 100.0
            +---------+---------+-------+---------+---------+-------
